 Dungeon Crawl Stone Soup version 0.28.0-47-ge53b351184 (webtiles) character file.

Game seed: 13122724362513114181

30 RatsInWalls the Shield-Bearer (level 3, -2/29 HPs)
             Began as a Formicid Fighter on May 10, 2022.
             Killed from afar by Natasha (9 damage)
             ... with a puff of flame
             ... on level 2 of the Dungeon.
             The game lasted 00:01:07 (818 turns).

RatsInWalls the Shield-Bearer (Formicid Fighter)     Turns: 818, Time: 00:01:07

Health: -2/29      AC:  6    Str: 22    XL:     3   Next: 35%
Magic:  3/3        EV:  9    Int:  7    God:
Gold:   29         SH:  4    Dex: 10    Spells: 2/2 levels left

rFire   . . .      SeeInvis +   a - +0 trident
rCold   . . .      Faith    .   c - +0 buckler
rNeg    . . .      Spirit   .   b - +0 scale mail
rPois   .          Reflect  .   (helmet unavailable)
rElec   .          Harm     .   (no cloak)
rCorr   .          Rampage  .   (no gloves)
Will    .....                   (no boots)
Stlth   ..........              (no amulet)
HPRegen 0.09/turn               (no ring)
MPRegen 0.08/turn               (no ring)

@: no status effects
A: permanent stasis, dig shafts and tunnels, antennae 3, four strong arms
a: Dig, Shaft Self


You were on level 2 of the Dungeon.
You visited 1 branch of the dungeon, and saw 2 of its levels.

You collected 29 gold pieces.

Inventory:

Hand Weapons
 a - a +0 trident (weapon)
Armour
 b - a +0 scale mail (worn)
 c - a +0 buckler (worn)
Jewellery
 f - a ring of wizardry
Potions
 d - a potion of might
 e - a potion of flight {unknown}
 g - a potion of attraction {unknown}


   Skills:
 + Level 3.6 Fighting
 * Level 2.5 Polearms
 + Level 3.6 Armour
 + Level 4.0 Shields


You had 2 spell levels left.
You didn't know any spells.
Your spell library was empty.

Dungeon Overview and Level Annotations

Branches:
Dungeon (2/15)

Altars:

Annotations:
D:2 Natasha


Innate Abilities, Weirdness & Mutations

You cannot be hasted, slowed, berserked, paralysed or teleported.
You can dig through walls and to a lower floor.
You have a pair of large antennae on your head. (SInv)
Your four strong arms can wield two-handed weapons with a shield.


Message History

You block the hobgoblin's attack. The hobgoblin hits you.
You closely miss the hobgoblin. The hobgoblin barely misses you.
You puncture the hobgoblin!
You kill the hobgoblin!
No target in view!
You see here a hobgoblin corpse.
A goblin comes into view. It is wielding a +0 dagger.
The goblin shouts!
The goblin closely misses you.
A goblin is nearby!
You hit the goblin but do no damage. The goblin hits you but does no damage.
You closely miss the goblin. The goblin hits you with a +0 dagger.
You hit the goblin but do no damage. The goblin hits you but does no damage.
You hit the goblin.
You kill the goblin!
No target in view!
No target in view!
You see here a +0 dagger.
Done exploring.
Done exploring.
No target in view!
There is a stone staircase leading down here.
You climb downwards.
Found a hand axe.
Found two stone staircases leading down.
There is a stone staircase leading up here.
Natasha, Servant of Life and Death comes into view.
She is carrying a wand of flame (16).
Natasha hisses angrily.
Natasha zaps a wand.
The puff of flame hits you. Natasha casts a spell at you.
Your stasis prevents you from being slowed.
Natasha zaps a wand.
The puff of flame hits you.
Natasha zaps a wand.
The puff of flame hits you!
Natasha stares at you and mumbles some strange words.
The magic dart hits you.
* * * LOW HITPOINT WARNING * * *
Natasha stares at you and mumbles some strange words.
You resist with some effort.
Natasha zaps a wand.
The puff of flame hits you!
You die...

#.............
#..h.........
#............ .
#....>...># ..
#.........# ...
##.......##....
♣♣♣...........
♣♣♣....##..
≈P≈≈≈≈P♣@..#
P≈≈≈PP≈≈≈..#
P≈≈P..≈....#
..≈........#
...........#
.≈..)...≈≈≈≈
..≈≈≈≈≈≈≈P≈≈P
≈≈P≈≈≈≈P≈≈≈P≈


You could see Natasha.

Vanquished Creatures
  2 dart slugs (D:1)
  An endoplasm (D:1)
  3 giant cockroaches (D:1)
  6 goblins (D:1)
  2 hobgoblins (D:1)
  3 ball pythons (D:1)
  3 frilled lizards (D:1)
  A kobold (D:1)
  3 rats (D:1)
24 creatures vanquished.

Notes
Turn   | Place    | Note
-------+----------+-------------------------------------------
     0 | D:1      | RatsInWalls the Formicid Fighter began the quest for the
                  | Orb.
     0 | D:1      | Reached XP level 1. HP: 18/18 MP: 1/1
   126 | D:1      | Reached XP level 2. HP: 22/24 MP: 2/2
   484 | D:1      | Reached XP level 3. HP: 29/29 MP: 3/3
   529 | D:1      | Reached skill level 4 in Shields
   810 | D:2      | Noticed Natasha
   818 | D:2      | Killed from afar by Natasha

Illustrated notes

Levels and vault maps discovered:
D:1:      dpeg_arrival_concentric_ovals, layout_loops_ring,
          minmay_misc_feat_encased, minmay_misc_feat_more_columns
D:2:      minmay_alternating_diamond, layout_rooms, basic_altar,
          serial_bayou_ford_a, uniq_natasha

Skill      XL: |  1  2  3 |
---------------+----------+-----
Shields        | 4 |  4.0
Fighting       | |  3.6
Polearms       | |  2.5
Armour         | |  3.6

Action                   || total
-------------------------++-------
Melee: Trident           ||    64
Armor: Scale mail        ||    14
Dodge: Dodged            ||    23
Block: Buckler           ||    12
